 Dungeon Crawl Stone Soup version 0.29-a0-322-g68df515428 (webtiles) character file.

Game seed: 12553052525627920016

34 GigaChad the Grasshopper (level 3, -3/32 HPs)
             Began as a Naga Warper on Apr 6, 2022.
             Was a Follower of Vehumet.
             Frozen to death by an endoplasm (5 damage)
             ... on level 1 of the Dungeon.
             The game lasted 00:02:38 (1510 turns).

GigaChad the Grasshopper (Naga Warper)              Turns: 1510, Time: 00:02:39

Health: -3/32      AC:  2    Str: 13    XL:     3   Next: 31%
Magic:  6/6        EV:  9    Int: 13    God:    Vehumet [*.....]
Gold:   0          SH:  0    Dex: 12    Spells: 6/6 levels left

rFire   . . .      SeeInvis +   a - +0 falchion
rCold   . . .      Faith    .   (no shield)
rNeg    . . .      Spirit   .   b - +0 leather armour
rPois   +          Reflect  .   (no helmet)
rElec   .          Harm     .   (no cloak)
rCorr   .          Rampage  .   (no gloves)
Will    .....                   (no barding)
Stlth   +.........              (no amulet)
HPRegen 0.10/turn               (no ring)
MPRegen 0.10/turn               (no ring)

@: very slow
A: AC +1, large, see invisible, deformed body, poison resistance, slowness 2,
spit poison 1, naga tail 1
a: Spit Poison, Renounce Religion


You were on level 1 of the Dungeon.
You worshipped Vehumet.
Vehumet was aware of your devotion.
You visited 1 branch of the dungeon, and saw 1 of its levels.

Inventory:

Hand Weapons
 a - a +0 falchion (weapon)
Missiles
 d - 7 boomerangs of dispersal (quivered)
Armour
 b - a +0 leather armour (worn)
Scrolls
 c - a scroll of blinking
Potions
 e - a potion of haste {unknown}
 h - a potion of resistance {unknown}


   Skills:
 + Level 2.1 Fighting
 + Level 2.3 Long Blades
 + Level 0.8 Throwing
 + Level 1.5 Armour
 + Level 1.7 Dodging
 + Level 2.2 Spellcasting
 + Level 3.2 Translocations


You had 6 spell levels left.
You didn't know any spells.
Your spell library contained the following spells:

 Spells                   Type           Power      Damage    Failure   Level
 Freeze                   Ice            4%         1d3       32%         1
 Blink                    Tloc           18%        N/A       13%         2
 Gell's Gravitas          Tloc           9%         N/A       26%         3
 Lesser Beckoning         Tloc           9%         N/A       26%         3
 Teleport Other           Tloc           9%         N/A       26%         3
 Manifold Assault         Tloc           9%         N/A       93%         5


Dungeon Overview and Level Annotations

Branches:
Dungeon (1/15)

Altars:
Vehumet


Innate Abilities, Weirdness & Mutations

Your serpentine skin is tough. (AC +1)
You have supernaturally acute eyesight. (SInv)
Armour fits poorly on your strangely shaped body.
Your system is resistant to poisons. (rPois)
You cover ground very slowly.
You can spit poison.
You have a snake-like lower body.


Message History

You kill the dart slug!
Vehumet accepts your kill.
Found 5 poisoned darts.
Found a stone staircase leading down.
Found a scroll of teleportation.
Found a stone staircase leading down.
A goblin comes into view. It is wielding a +0 dagger.
The goblin shouts!
A bat comes into view.
An endoplasm comes into view.
The bat closely misses you.
The goblin hits you with a +0 dagger. x2
You hit the endoplasm but do no damage. The bat hits you.
The endoplasm hits you. The goblin hits you with a +0 dagger.
You hit the endoplasm.
The endoplasm is severely wounded.
The bat hits you but does no damage. x2; The endoplasm hits you.
The goblin hits you with a +0 dagger.
* * * LOW HITPOINT WARNING * * *
The bat closely misses you. x3; The goblin hits you with a +0 dagger.
* * * LOW HITPOINT WARNING * * *
The bat hits you but does no damage.
You miss the bat. The bat hits you.
* * * LOW HITPOINT WARNING * * *
The endoplasm hits you but does no damage.
The goblin hits you but does no damage. The bat hits you.
* * * LOW HITPOINT WARNING * * *
You closely miss the bat. The bat barely misses you.
The bat hits you but does no damage. The endoplasm barely misses you.
The goblin hits you with a +0 dagger.
* * * LOW HITPOINT WARNING * * *
The endoplasm hits you but does no damage.
The goblin misses you.
You hit the bat but do no damage. The bat barely misses you.
The bat hits you but does no damage. The goblin misses you.
The endoplasm hits you.
* * * LOW HITPOINT WARNING * * *
You hit the bat.
The bat is severely wounded.
The bat hits you but does no damage. The endoplasm freezes you.
You are frozen.
You die...

. ..##.#.# ########J
......## #......r. ?...>..
..##.##.# >.... ..##.##?#
#(... ...)....# ##...#
..##.##.# #....###
.†)..##.# #.#.J#.##
........# #..g@...#
#.#.##### #..#.#.## #.#.#
#..#.###
#.#.#########..#b#######.#
..#............#.........#
........######.#####.#####
# #######.# #.# .# #.# #.#
###.# #..
...####)#######...#


You could see an endoplasm, a goblin and a bat.

Vanquished Creatures
  2 dart slugs (D:1)
  3 ball pythons (D:1)
  2 bats (D:1)
  2 endoplasms (D:1)
  5 goblins (D:1)
  3 hobgoblins (D:1)
  A quokka (D:1)
  A frilled lizard (D:1)
  3 kobolds (D:1)
  4 rats (D:1)
26 creatures vanquished.

Notes
Turn   | Place    | Note
-------+----------+-------------------------------------------
     0 | D:1      | GigaChad the Naga Warper began the quest for the Orb.
     0 | D:1      | Reached XP level 1. HP: 19/19 MP: 3/3
   342 | D:1      | Noticed a golden eye
   344 | D:1      | Noticed an eye of devastation
   346 | D:1      | Found a faded altar of an unknown god.
   348 | D:1      | Noticed a golden eye
   352 | D:1      | Noticed a shining eye
   357 | D:1      | Prayed at the altar of an unknown god.
   357 | D:1      | Became a worshipper of Vehumet
   357 | D:1      | Reached * piety under Vehumet
   357 | D:1      | Offered knowledge of Freeze by Vehumet.
   364 | D:1      | Reached XP level 2. HP: 23/26 MP: 5/5
   750 | D:1      | Reached skill level 1 in Armour
  1111 | D:1      | Reached XP level 3. HP: 4/32 MP: 6/6
  1510 | D:1      | Frozen to death by an endoplasm

Illustrated notes

Levels and vault maps discovered:
D:1:      dpeg_arrival_line_fractal, layout_loops_ring,
          hellmonk_ecumenical_altar_watching_god

Skill      XL: |  1  2 |
---------------+-------+-----
Armour         | 1 |  1.5
Fighting       | |  2.1
Long Blades    | |  2.3
Throwing       | |  0.8
Dodging        | |  1.7
Spellcasting   | |  2.2
Translocations | |  3.2

Action                   || total
-------------------------++-------
Melee: Falchion          ||   101
       Punch             ||     1
  Use: Scroll            ||     2
Armor: Leather armour    ||    51
Dodge: Dodged            ||    81

Table legend: (Time is in decaauts)
 A = Elapsed time spent in this place.
 B = Non-inter-level travel time spent in this place.
 C = Inter-level travel time spent in this place.
 D = Time resting spent in this place.
 E = Time spent auto-exploring this place.
 F = Levels seen in this place.
 G = Mean time per level.
                   A        B        C        D        E       F      G
               +--------+--------+--------+--------+--------+-----+--------+
         Total |   1687 |   1686 |      1 |      0 |   1164 |   1 | 1687.0 |
       Dungeon |   1687 |   1686 |      1 |      0 |   1164 |   1 | 1687.0 |
               +--------+--------+--------+--------+--------+-----+--------+

Top non-repeatable levels by time:
     D:1: 1687 daAuts
